 Dungeon Crawl Stone Soup version 0.28.0-53-g5a82cb258f (webtiles) character file.

Game seed: 3408035636497381339

1822 Sin92 the Chopper (level 8, -3/64 HPs)
             Began as a Demonspawn Fighter on July 28, 2022.
             Slain by a spriggan
             ... wielding a +0 trident
              (6 damage)
             ... in a bailey.
             The game lasted 00:06:43 (6808 turns).

Sin92 the Chopper (Demonspawn Fighter)              Turns: 6808, Time: 00:06:43

Health: -3/64      AC:  9    Str: 18    XL:     8   Next: 85%
Magic:  8/8        EV: 13    Int: 10    God:
Gold:   284        SH:  5    Dex: 13    Spells: 7/7 levels left

rFire   . . .      SeeInvis .   a - +0 war axe (freeze)
rCold   . . .      Faith    .   c - +0 buckler
rNeg    . . .      Spirit   .   b - +2 scale mail
rPois   .          Reflect  .   (helmet restricted)
rElec   .          Harm     .   (no cloak)
rCorr   .          Rampage  .   (no gloves)
Will    .....                   (no boots)
Stlth   ..........              q - amulet of the acrobat
HPRegen 0.20/turn               h - +4 ring of evasion
MPRegen 0.11/turn               (no ring)

@: no status effects
A: horns 2, spiny 1
a: no special abilities


You were in a bailey.
You visited 1 branch of the dungeon, and saw 7 of its levels.
You also visited: Bailey.

You collected 284 gold pieces.

Inventory:

Hand Weapons
 a - a +0 war axe of freezing (weapon)
Armour
 b - a +2 scale mail (worn)
 c - a +0 buckler (worn)
 l - a +0 plate armour
Jewellery
 h - a +4 ring of evasion (left hand)
 q - an amulet of the acrobat (around neck)
Wands
 d - a wand of mindburst (12)
 o - a wand of iceblast (12)
Scrolls
 e - a scroll of fog
 f - 4 scrolls of identify
 n - 2 scrolls of immolation
Potions
 g - a potion of curing
 i - a potion of haste
 k - a potion of degeneration
 m - a potion of mutation


   Skills:
 + Level 5.9 Fighting
 * Level 6.9 Axes
 + Level 5.4 Armour
 + Level 5.3 Shields


You had 7 spell levels left.
You didn't know any spells.
Your spell library contained the following spells:

 Spells                   Type           Power      Damage    Failure   Level
 Inner Flame              Hex/Fire       0%         N/A       99%         3
 Ozocubu's Armour         Ice            0%         N/A       99%         3
 Cause Fear               Hex            0%         N/A       100%        4
 Alistair's Intoxication  Tmut/Pois      0%         N/A       100%        5
 Borgnjor's Vile Clutch   Necr/Erth      0%         N/A       100%        5
 Metabolic Englaciation   Hex/Ice        0%         N/A       100%        5
 Eringya's Noxious Bog    Tmut/Pois      0%         N/A       100%        6
 Simulacrum               Ice/Necr       0%         N/A       100%        6
 Discord                  Hex            0%         N/A       100%        8


Dungeon Overview and Level Annotations

Branches:
Dungeon (7/15)             Bailey (1/1)
 Temple: D:4-7

Altars:
Makhleb
Uskayaw

Shops:
D:5 *   D:6 (


Innate Abilities, Weirdness & Mutations

You have a pair of horns on your head.
You are partially covered in sharp spines.


Message History

You feel better. The ogre closely misses you.
Unknown command.
Okay, then.
Okay, then.
The spriggan completely misses you. The spriggan completely misses you.
The ogre misses you. The ogre completely misses you.
The ogre is struck by your spines. The ogre misses you.
The spriggan barely misses you. You block the ogre's attack.
You barely miss the ogre. You hit the ogre. You freeze the ogre.
You closely miss the spriggan. You hit the ogre but do no damage.
The ogre is struck by your spines. The ogre hits you with a +0 glaive.
The spriggan hits you but does no damage.
The ogre is struck by your spines. The ogre hits you with a +0 halberd.
The ogre is struck by your spines. The ogre closely misses you.
Unknown command.
You barely miss the spriggan. You hit the ogre. You freeze the ogre.
You hit the ogre. You freeze the ogre. You slash the ogre! You freeze the ogre.
The spriggan hits you with a +0 trident.
The ogre barely misses you. The ogre is struck by your spines.
You kill the ogre!
The spriggan hits you but does no damage.
You block the ogre's attack.
You hit the spriggan. You freeze the spriggan.
The spriggan is moderately wounded.
You closely miss the ogre. You slash the ogre! You freeze the ogre.
The ogre is struck by your spines. The ogre closely misses you.
The spriggan is struck by your spines.
The spriggan hits you with a +0 trident!
* * * LOW HITPOINT WARNING * * *
You miss the spriggan. Your headbutt misses the spriggan.
The spriggan is heavily wounded.
You barely miss the ogre. You slash the ogre! You freeze the ogre.
The ogre hits you with a +0 glaive!
* * * LOW HITPOINT WARNING * * *
The ogre is struck by your spines.
You kill the ogre!
The spriggan is struck by your spines.
The spriggan hits you with a +0 trident.
You die...

#######
###.....###
##.........##
##...).......##
#....i@..∩....#
##...)O......##
##.........##
###≈≈≈≈≈###
#≈≈≈≈≈# #≈≈≈≈≈#
#.......#
#.........#
#..#######..#


You could see an ogre and a spriggan.

Vanquished Creatures
  A steam dragon (D:6)
  A water moccasin (D:5)
  2 black bears
  An ice beast (D:6)
  A necrophage (D:6)
  2 orc warriors
  4 ogres
  3 scorpions
  A water moccasin zombie (D:4)
  3 jellies
  2 hounds
  A bullfrog skeleton (D:6)
  A centaur skeleton (D:6)
  An orc priest (D:6)
  An iguana (D:5)
  2 orc wizards (D:7)
  A hound zombie (D:3)
  A hound skeleton (D:4)
  9 adders
  4 gnolls
  3 adder zombies (D:5)
  A worm (D:3)
  4 dart slugs
  18 orcs
  3 bats
  10 endoplasms
  2 giant cockroaches
  6 goblins
  2 hobgoblins
  3 jackals (D:1)
  3 kobolds
  3 quokkas (D:2)
  2 ball pythons
  3 frilled lizards
  3 rats
108 creatures vanquished.

Vanquished Creatures (others)
  10 plants (D:3)
10 creatures vanquished.

Grand Total: 118 creatures vanquished

Notes
Turn   | Place    | Note
-------+----------+-------------------------------------------
     0 | D:1      | Sin92 the Demonspawn Fighter began the quest for the Orb.
     0 | D:1      | Reached XP level 1. HP: 18/18 MP: 1/1
    98 | D:1      | Reached skill level 2 in Axes
   315 | D:1      | Gained mutation: You are partially covered in sharp spines.
                  | [demonic ancestry]
   315 | D:1      | Reached XP level 2. HP: 23/24 MP: 2/2
   350 | D:1      | Found a faded altar of an unknown god.
  1075 | D:2      | Found a burning altar of Makhleb.
  1251 | D:2      | Gained mutation: You have a pair of small horns on your
                  | head. [demonic ancestry]
  1251 | D:2      | Reached XP level 3. HP: 20/29 MP: 3/3
  2009 | D:3      | Reached XP level 4. HP: 35/35 MP: 4/4
  2091 | D:3      | Reached skill level 3 in Axes
  2171 | D:3      | You fall into a shaft and drop 2 floors!
  2171 | D:5      | Entered Level 5 of the Dungeon
  2679 | D:5      | Found Giufamn's General Store.
  2781 | D:5      | Reached XP level 5. HP: 42/42 MP: 5/5
  2889 | D:3      | Noticed a +0 hand axe
  2890 | D:3      | Noticed a +0 hand axe
  2893 | D:3      | Found a hide-covered altar of Uskayaw.
  3507 | D:4      | Noticed a black bear
  3518 | D:4      | Killed a black bear
  3519 | D:4      | Reached skill level 4 in Axes
  3519 | D:4      | Reached XP level 6. HP: 32/48 MP: 6/6
  4393 | D:4      | Reached XP level 7. HP: 39/55 MP: 7/7
  4895 | D:5      | Reached skill level 5 in Axes
  4937 | D:5      | Reached skill level 5 in Fighting
  5444 | D:6      | Gained mutation: You have a pair of horns on your head.
                  | [demonic ancestry]
  5444 | D:6      | Reached XP level 8. HP: 62/62 MP: 8/8
  5459 | D:6      | Found Erenaw's Weapon Boutique.
  5649 | D:5      | Reached skill level 6 in Axes
  6017 | D:6      | Reached skill level 5 in Armour
  6130 | D:6      | Reached skill level 5 in Shields
  6774 | D:7      | Found a flagged portal.
  6786 | Bailey   | Entered a bailey
  6808 | Bailey   | HP: 3/64 [ogre/+0 glaive (14)]
  6808 | Bailey   | Slain by a spriggan

Illustrated notes

Levels and vault maps discovered:
D:1:      dpeg_arrival_snail, layout_basic, ebering_ecumenical_altar_petrified
D:2:      layout_loops_ring, basic_altar, minivault_23
D:3:      layout_basic, dancing_weapons_uskayaw, serial_forest,
          infiniplex_forest_clump_double, infiniplex_forest_lined_1,
          infiniplex_forest_pool, infiniplex_forest_lined_3_way,
          infiniplex_forest_end_2, infiniplex_forest_clump_double,
          infiniplex_forest_straight_4, infiniplex_forest_corner_2
D:4:      layout_rooms, kennysheep_path_1
D:5:      layout_cave_pods, serial_shops, nicolae_stop_n_shop_2,
          bh_walls_and_bars
D:6:      layout_cave_pools, serial_shops, nicolae_shop_bloodbath_and_beyond,
          minmay_misc_feat_chi, st_stairs_3, kennysheep_generic_room_5
D:7:      layout_gridville, temple_doors_e, enter_bailey_6, serial_shops,
          shop_fountains, corexii_corridor_pit
Bailey:   bailey_polearm_enchanted_keep_hellmonk, bailey

Skill      XL: |  1  2  3  4  5  6  7  8 |
---------------+-------------------------+-----
Axes           | 2 3 4 5 6 |  6.9
Armour         | 3 4 5 |  5.4
Shields        | 3 4 5 |  5.3
Fighting       | 4 5 |  5.9

Action                   |  1- 3 |  4- 6 |  7- 9 || total
-------------------------+-------+-------+-------++-------
Melee: War axe           |    70 |    81 |    98 ||   249
       Headbutt          |     2 |    11 |    20 ||    33
  Use: Scroll            |       |    14 |     3 ||    17
       Potion            |       |     2 |     1 ||     3
Armor: Scale mail        |    24 |    35 |    30 ||    89
Dodge: Dodged            |    27 |    43 |    76 ||   146
Block: Buckler           |    19 |    24 |    32 ||    75
